 Dungeon Crawl Stone Soup version 0.30-a0-986-g7f2e898f52 (webtiles) character file.

Game seed: 5363663578619626333

3586 Shard1697 the Basher (level 9, -9/88 HPs)
             Began as an Armataur Fighter on Apr 2, 2023.
             Was an Initiate of Gozag.
             Mangled by an orc warrior
             ... wielding a +0 broad axe
              (21 damage)
             ... in a bailey.
             The game lasted 00:09:07 (7303 turns).

Shard1697 the Basher (Armataur Fighter)             Turns: 7303, Time: 00:09:08

Health: -9/88      AC:  6    Str: 30    XL:     9   Next: 85%
Magic:  0/9        EV:  7    Int:  9    God:    Gozag
Gold:   730        SH:  8    Dex: 11    Spells: 8/8 levels left

rFire   . . .      SeeInvis .    a - +0 morningstar
rCold   + . .      Faith    .    n - +0 kite shield
rNeg    . . .      Spirit   +    m - +2 leather armour {rC+}
rPois   .          Reflect  .    (no helmet)
rElec   .          Roll     +    (no cloak)
rCorr   .                        (no gloves)
Will    .....                    (no barding)
Stlth   +                        o - amulet of guardian spirit
HPRegen 0.34/turn                t - +6 ring of strength
MPRegen 0.11/turn                (no ring)

@: gold aura
A: large, rugged brown scales 3, deformed body, armoured tail, roll, long
tongue, awkward tongue
a: Renounce Religion, Potion Petition, Call Merchant, Bribe Branch


You were in a bailey.
You worshipped Gozag.
Gozag was pleased with you.
You visited 2 branches of the dungeon, and saw 8 of its levels.
You also visited: Bailey.

You collected 797 gold pieces.
You paid 67 gold pieces to Gozag.

Inventory:

Hand Weapons
 a - a +0 morningstar (weapon)
 b - a +0 war axe
Missiles
 c - 2 throwing nets (quivered)
Armour
 i - a +0 cloak
 m - a +2 leather armour of cold resistance (worn)
 n - a +0 kite shield (worn)
 q - a +0 cloak
Jewellery
 o - an amulet of guardian spirit (around neck)
 t - a +6 ring of strength (left hand)
 A - an amulet of reflection
Wands
 p - a wand of light (7)
 r - a wand of digging (8)
Scrolls
 e - a scroll of fear {unknown}
 f - 2 scrolls of enchant armour {unknown}
 h - a scroll of immolation {unknown}
 j - a scroll of brand weapon {unknown}
 k - 2 scrolls of noise {unknown}
 l - 3 scrolls of teleportation {unknown}
 s - a scroll of fog
 x - a scroll of torment
 y - a scroll of poison
Potions
 d - a potion of might
 g - a potion of curing
 u - a potion of haste
 v - a potion of brilliance
 w - a potion of heal wounds
 z - a potion of lignification


   Skills:
 + Level 9.1 Fighting
 + Level 9.9 Maces & Flails
 - Level 3.6 Armour
 - Level 3.2 Shields


You had 8 spell levels left.
You didn't know any spells.
Your spell library contained the following spells:

 Spells                   Type           Power      Damage    Failure   Level
 Freeze                   Ice            0%         1d3       71%         1
 Slow                     Hex            0%         N/A       71%         1
 Blink                    Tloc           0%         N/A       85%         2
 Ensorcelled Hibernation  Hex/Ice        0%         N/A       85%         2
 Lesser Beckoning         Tloc           0%         N/A       85%         2
 Momentum Strike          Conj/Tloc      0%         3d8       85%         2
 Passwall                 Tmut/Erth      0%         N/A       85%         2
 Confusing Touch          Hex            0%         N/A       97%         3
 Frozen Ramparts          Ice            0%         1d1       97%         3
 Hailstorm                Conj/Ice       0%         3d3       97%         3
 Swiftness                Air            0%         N/A       97%         3
 Tukima's Dance           Hex            0%         N/A       97%         3
 Vampiric Draining        Necr           0%         2d6       97%         3
 Passage of Golubria      Tloc           0%         N/A       100%        4
 Yara's Violent Unravell  Hex/Tmut       0%         3d3       100%        5


Dungeon Overview and Level Annotations

Branches:
Dungeon (7/15)             Temple (1/1) D:5          Bailey (1/1)

Altars:
Ashenzari
Cheibriados
Dithmenos
Elyvilon
Fedhas
Gozag
Hepliaklqana
Kikubaaqudgha
Makhleb
Nemelex Xobeh
Qazlal
Ru
Sif Muna
Trog
Uskayaw
Vehumet
Wu Jian
Xom
Yredelemnul
Zin
The Shining One

Annotations:
Temple 2 transporters


Innate Abilities, Weirdness & Mutations

You are completely covered in rugged brown scales. (AC +3, +7% HP)
Armour fits poorly on your strangely shaped body.
You have a long armoured tail.
You roll when moving toward enemies. (Rampage)
Your long tongue fully drains potion bottles. (2x potion effects)
Your tongue gives you trouble enunciating. (1.5x scroll delay)


Message History

You closely miss the orc warrior.
The orc warrior hits you with a +0 broad axe!
The orc warrior barely misses you.
You puncture the orc warrior!
The orc warrior is heavily wounded.
You block the orc warrior's attack.
The orc warrior hits you with a +0 war axe!
The orc warrior barely misses you.
You closely miss the orc warrior. You tail-slap the orc warrior!
The orc warrior is severely wounded.
The orc warrior hits you with a +0 war axe!
A kobold brigand comes into view.
It is wielding a +0 war axe and quivering curare-tipped darts.
You block the orc warrior's attack.
You are too injured to fight recklessly!
You barely miss the orc warrior.
The orc warrior is severely wounded.
You block the orc warrior's attack.
The orc warrior hits you with a +0 broad axe.
You bludgeon the orc warrior!!
You kill the orc warrior!
You block the orc warrior's attack.
A kobold brigand comes into view.
It is wielding a +0 war axe and quivering curare-tipped darts.
You hit the orc warrior but do no damage.
The orc warrior barely misses you. You block the kobold brigand's attack.
You hit the orc warrior but do no damage.
The orc warrior hits you with a +0 broad axe!
The kobold brigand hits you with a +0 war axe.
You hit the orc warrior but do no damage.
The orc warrior hits you with a +0 broad axe.
* * * LOW HITPOINT WARNING * * *
The kobold brigand hits you with a +0 war axe.
* * * LOW HITPOINT WARNING * * *
The orc warrior hits you with a +0 broad axe!
* * * LOW HITPOINT WARNING * * *
Okay, then.
There is an open gate here.
The orc warrior attacks as you move away!
The orc warrior hits you with a +0 broad axe!
You die...
Your body crumbles into a pile of gold.

###~~.......~~###.#
.~~.......~~....#
##~~.......~~###.#
.~~.......~~....#
#~~.......~~###.#
.~~.......~~....#
#~~.......~~#####
#~.......~##
####''@#### #...Ko#
#∩/..$[∩# #...8...#
##..K..## ###'###
.. .. ...


You could see an orc warrior and 2 kobold brigands.

Vanquished Creatures
  A two-headed ogre (D:6)
  Eustachio (D:5)
  Menkaure (D:6)
  Duvessa (D:4)
  2 orc warriors
  An ice beast (D:5)
  A black bear (D:6)
  2 sky beasts
  3 ogres
  A centaur (D:5)
  4 kobold brigands
  Blork the orc (D:5)
  2 bullfrogs
  4 scorpions
  Dowan (D:4)
  3 wights (D:6)
  3 orc priests
  3 hounds
  A gnoll bouda (D:4)
  A sleepcap (D:5)
  6 iguanas
  4 orc wizards
  8 adders
  18 gnolls
  3 white imps
  2 ufetubi
  A worm (D:4)
  3 dart slugs
  16 orcs
  5 ball pythons
  9 bats
  3 endoplasms
  4 giant cockroaches
  11 goblins
  4 hobgoblins
  4 jackals (D:1)
  6 quokkas
  3 frilled lizards (D:1)
  20 kobolds
167 creatures vanquished.

Vanquished Creatures (others)
  An adder (D:5)
1 creature vanquished.

Grand Total: 168 creatures vanquished

Notes
Turn   | Place    | Note
-------+----------+-------------------------------------------
     0 | D:1      | Shard1697 the Armataur Fighter began the quest for the Orb.
     0 | D:1      | Reached XP level 1. HP: 19/19 MP: 1/1
   132 | D:1      | Reached XP level 2. HP: 24/26 MP: 2/2
   994 | D:1      | Reached XP level 3. HP: 29/32 MP: 3/3
  1193 | D:2      | Found a basalt altar of Yredelemnul.
  1349 | D:2      | Found a faded altar of an unknown god.
  1692 | D:3      | Reached XP level 4. HP: 27/39 MP: 4/4
  2141 | D:3      | Reached XP level 5. HP: 28/44 MP: 5/5
  2539 | D:4      | Reached skill level 5 in Maces & Flails
  2816 | D:4      | Reached XP level 6. HP: 44/54 MP: 6/6
  3600 | D:5      | Entered Level 5 of the Dungeon
  3600 | D:5      | Noticed Dowan
  3603 | D:5      | Noticed Duvessa
  3653 | D:4      | Reached XP level 7. HP: 59/64 MP: 5/7
  3764 | D:4      | Killed Duvessa
  3788 | D:4      | Killed Dowan
  4079 | D:4      | Reached skill level 5 in Fighting
  4506 | D:5      | Noticed Blork the orc
  4512 | D:5      | Killed Blork the orc
  4586 | D:5      | Found a staircase to the Ecumenical Temple.
  4596 | D:5      | Reached XP level 8. HP: 74/74 MP: 8/8
  4603 | Temple   | Entered the Ecumenical Temple
  4603 | Temple   | Found a transporter.
  4603 | Temple   | Found a transporter.
  4605 | Temple   | Found a transporter.
  4605 | Temple   | Found a transporter.
  4620 | Temple   | Became a worshipper of Gozag Ym Sagoz the Greedy
  4814 | D:5      | HP: 2/74 [centaur (3)]
  5355 | D:6      | Noticed Eustachio
  5371 | D:5      | Killed Eustachio
  5869 | D:6      | Noticed Menkaure
  5874 | D:6      | Killed Menkaure
  6074 | D:6      | Found a white marble altar of Elyvilon.
  6074 | D:6      | Found a glowing silver altar of Zin.
  6133 | D:6      | Reached XP level 9. HP: 74/83 MP: 7/9
  6368 | D:6      | Noticed a two-headed ogre
  6435 | D:6      | Killed a two-headed ogre
  6945 | D:7      | Identified the +12 long sword of Keasemn {freeze, Str+2
                  | SInv}
  6971 | D:7      | Found a flagged portal.
  7022 | Bailey   | Entered a bailey
  7292 | Bailey   | Identified the +6 scale mail of Dramatic Exits {Harm rN+++
                  | Will- Int-2}
  7303 | Bailey   | Mangled by an orc warrior

Illustrated notes

Levels and vault maps discovered:
D:1:      erik_arrival_blinker_ship, layout_basic, minmay_pentomino_t4
D:2:      layout_rooms, basic_altar, shapermc_ecumenical_altar_flowoftime
D:3:      layout_loops_ring, minmay_misc_feat_ornament
D:4:      layout_loops_ring, hangedman_decor_points
D:5:      layout_rooms, minmay_temple_entry_drinking_statues, uniq_duvessa,
          uniq_blork_the_orc
D:6:      layout_loops_ring, gammafunk_temple_overflow_elements,
          palyth_stone_intersect, kennysheep_decorative_pillar, uniq_menkaure,
          uniq_eustachio
D:7:      layout_loops_ring, enter_bailey_7, nicolae_nh_ransacked_shop
Temple:   hellmonk_temple_divided_pantheon
Bailey:   bailey_axe_3, bailey

Skill      XL: |  1  2  3  4  5  6  7  8  9 |
---------------+----------------------------+-----
Maces & Flails | 2 3 4 5 6 7 8 9 |  9.9
Fighting       | 3 4 5 7 9 |  9.1
Armour         | |  3.6
Shields        | |  3.2

Action                     |  1- 3 |  4- 6 |  7- 9 || total
---------------------------+-------+-------+-------++-------
  Melee: Flail             |   130 |   151 |       ||   281
         Tailslap          |    17 |    23 |    46 ||    86
         Morningstar       |       |     6 |   310 ||   316
         War axe           |       |       |     6 ||     6
    Use: Potion            |       |       |     7 ||     7
         Scroll            |       |       |     8 ||     8
   Stab: Invisible         |       |       |     4 ||     4
         Distracted        |       |       |     2 ||     2
 Armour: Scale mail        |    75 |    64 |    78 ||   217
         Leather armour    |       |       |    92 ||    92
  Dodge: Dodged            |    57 |    50 |   118 ||   225
  Block: Buckler           |    29 |       |       ||    29
         Kite shield       |       |    63 |   151 ||   214

Table legend: (Time is in decaauts)
 A = Elapsed time spent in this place.
 B = Non-inter-level travel time spent in this place.
 C = Inter-level travel time spent in this place.
 D = Time resting spent in this place.
 E = Time spent auto-exploring this place.
 F = Levels seen in this place.
 G = Mean time per level.
                   A        B        C        D        E       F      G
               +--------+--------+--------+--------+--------+-----+--------+
         Total |   7462 |   7279 |    183 |   1771 |   3944 |   9 |  829.1 |
       Dungeon |   7143 |   6967 |    176 |   1603 |   3908 |   7 | 1020.4 |
        Temple |     30 |     23 |      7 |      0 |      0 |   1 |   30.0 |
        Bailey |    288 |    288 |      0 |    168 |     36 |   1 |  288.0 |
               +--------+--------+--------+--------+--------+-----+--------+

Top non-repeatable levels by time:
     D:4: 1870 daAuts
     D:6: 1374 daAuts
     D:1: 1195 daAuts
     D:5: 1148 daAuts
     D:3: 848 daAuts
     D:2: 491 daAuts
  Bailey: 288 daAuts
     D:7: 214 daAuts
  Temple: 30 daAuts
